 Dungeon Crawl Stone Soup version 0.31-a0-255-g9c3d1c461a (webtiles) character file.

Game seed: 6984725575519349801

32 qw the Shooter (level 3, -5/21 HPs)
             Began as a Gargoyle Hexslinger on July 12, 2023.
             Slain by Terence
             ... wielding a +0 trident
              (8 damage)
             ... on level 2 of the Dungeon.
             The game lasted 00:00:24 (1035 turns).

qw the Shooter (Gargoyle Hexslinger)                Turns: 1035, Time: 00:00:24

Health: -5/21      AC:  6    Str: 11    XL:     3   Next: 25%
Magic:  4/4        EV: 11    Int: 13    God:
Gold:   111        SH:  0    Dex: 14    Spells: 3/4 levels left

rFire   . . .        Y - +2 sling
rCold   . . .        (no shield)
rNeg    + . .        f - +0 leather armour
rPois   inf          (no helmet)
rElec   +            (no cloak)
rCorr   .            (no gloves)
SInv    .            (no boots)
Will    .....        (no amulet)
Stlth   +            (no ring)
HPRegen 0.23/turn    (no ring)
MPRegen 0.09/turn

%: no passive effects
@: no status effects
A: sickness immunity, AC +3, negative energy resistance 1, electricity
resistance, torment resistance 1, petrification resistance
a: no special abilities


You were on level 2 of the Dungeon.
You visited 1 branch of the dungeon, and saw 2 of its levels.

You collected 111 gold pieces.


Innate Abilities, Weirdness & Mutations

You are immune to sickness and miasma.
Your stone body is resilient. (AC +3)
You are immune to poison.
You resist negative energy. (rN+)
You are resistant to electric shocks. (rElec)
You are resistant to unholy torment.
You are immune to petrification.


   Skills:
 - Level 2.0 Fighting
 + Level 3.2 Ranged Weapons
 - Level 1.5 Dodging
 - Level 1.0 Spellcasting
 - Level 2.6 Hexes


You had 3 spell levels left.
You knew the following spells:

 Your Spells              Type           Power      Damage    Failure   Level
a - Slow                  Hex            28%        N/A       12%         1

Your spell library contained the following spells:

 Spells                   Type           Power      Damage    Failure   Level
 Inner Flame              Hex/Fire       4%         N/A       54%         3
 Portal Projectile        Hex/Tloc       8%         N/A       54%         3
 Cause Fear               Hex            3%         N/A       77%         4

Inventory:

Hand Weapons
 Y - a +2 sling (weapon)
Armour
 f - a +0 leather armour (worn)
Potions
 h - a potion of mutation {unknown}
 i - 2 potions of resistance {unknown}
 j - a potion of curing {unknown}

Dungeon Overview and Level Annotations

Branches:
Dungeon (2/15)

Altars:

Annotations:
D:2 Terence


Message History

You shoot a sling bullet.
The sling bullet barely misses the quokka.
The sling bullet closely misses Terence.
The quokka misses you.
The quokka bites you but does no damage.
You shoot a sling bullet.
The sling bullet hits the quokka but does no damage.
The quokka barely misses you. Terence hits you but does no damage.
You shoot a sling bullet.
The sling bullet closely misses the quokka.
The sling bullet hits Terence.
Terence is lightly wounded.
The quokka closely misses you. x2
Terence hits you from afar with a +0 trident!
You shoot a sling bullet.
The sling bullet hits the quokka but does no damage.
The quokka misses you. Terence closely misses you.
The quokka closely misses you.
You shoot a sling bullet.
The sling bullet closely misses the quokka.
The sling bullet hits Terence.
Terence is moderately wounded.
Terence closely misses you. The quokka completely misses you.
You shoot a sling bullet.
The sling bullet barely misses the quokka.
The sling bullet hits Terence but does no damage.
Terence is moderately wounded.
Terence closely misses you. The quokka closely misses you.
Terence hits you from afar with a +0 trident.
You shoot a sling bullet. The sling bullet hits the quokka.
The quokka is severely wounded.
The quokka barely misses you. The quokka bites you. Terence barely misses you.
You shoot a sling bullet. The sling bullet hits the quokka.
You kill the quokka!
Terence barely misses you.
You shoot a sling bullet.
The sling bullet closely misses Terence.
Terence hits you from afar with a +0 trident.
Terence hits you from afar with a +0 trident!
You die...

..# # ..# . ### #.# .#
#.# .##.######$####.
... ........@.@.....
#.# ##.###..###~..~
#.#####.###.#...# #
#.##........#.}.#
#####.##.##.....#...#
#................###~~
#.###.#.....##.....~~~~
#...#...#......~~~~
###......#...###~~~~


You could see Terence.

Vanquished Creatures
  2 bats
  An endoplasm (D:2)
  A giant cockroach (D:1)
  4 goblins (D:1)
  3 hobgoblins
  A kobold (D:1)
  4 quokkas
  7 ball pythons
  3 frilled lizards
  2 rats (D:1)
28 creatures vanquished.

Notes
Turn   | Place    | Note
-------+----------+-------------------------------------------
     0 | D:1      | qw the Gargoyle Hexslinger began the quest for the Orb.
     0 | D:1      | Reached XP level 1. HP: 12/12 MP: 2/2
     0 | D:1      | 0 ||| qw: Version: 0.3-a-52-g30416fa
     0 | D:1      | 0 ||| qw: Game counter: 6720
     0 | D:1      | 0 ||| qw: Melee chars always use a shield: true
     0 | D:1      | 0 ||| qw: God list: Okawaru
     0 | D:1      | 0 ||| qw: Allow faded altars: false
     0 | D:1      | 0 ||| qw: Do Orc after clearing Dungeon:15 true
     0 | D:1      | 0 ||| qw: Do second Lair branch before Depths: true
     0 | D:1      | 0 ||| qw: Lair rune preference: random
     0 | D:1      | 0 ||| qw: Goals: Normal
     0 | D:1      | 0 ||| PLANNING D:1-11
   197 | D:1      | Reached XP level 2. HP: 16/16 MP: 3/3
   318 | D:1      | Reached skill level 3 in Ranged Weapons
   826 | D:1      | 826 ||| UPGRADING to +0 leather armour.
   836 | D:1      | 836 ||| DROPPING +0 robe.
   837 | D:1      | 837 ||| READING scroll labelled OCALELIUSA.
   842 | D:1      | 842 ||| READING scroll labelled BUH SESTROIM.
   843 | D:1      | 843 ||| READING scroll labelled FUNUKEUSOL.
   844 | D:1      | 844 ||| READING scroll labelled YXTEAWN MEOFULOI.
   845 | D:1      | 845 ||| DROPPING scroll of poison.
   871 | D:2      | 871 ||| STAIRDANCE
   877 | D:1      | Reached XP level 3. HP: 12/21 MP: 4/4
  1023 | D:2      | Noticed Terence
  1035 | D:2      | HP: 3/21 [Terence/+0 trident (6)]
  1035 | D:2      | Slain by Terence

Levels and vault maps discovered:
D:1:      dpeg_arrival_rooms_with_view, layout_basic, minivault_4,
          nrook_loot_triangle, minmay_pentomino_z4
D:2:      layout_loops_ring, fountainhead, grunt_ministairs_1, uniq_terence

Skill      XL: |  1  2 |
---------------+-------+-----
Ranged Weapons | 3 |  3.2
Fighting       | 2 |  2.0
Dodging        | |  1.5
Spellcasting   | |  1.0
Hexes          | |  2.6

Action                     || total
---------------------------++-------
   Fire: Sling             ||    89
    Use: Scroll            ||     4
 Armour: Robe              ||     7
         Leather armour    ||     6
  Dodge: Dodged            ||    50

Table legend:
 A = Non-vault XP
 B = Vault XP
 C = Vault XP percentage of total XP
 D = Non-vault monster count
 E = Vault monster count
 F = Vault count percentage of total count
                 A         B        C        D         E       F
            +---------+---------+-------+---------+---------+-------
      Total |      31 |      15 |  32.6 |      20 |       8 |  28.6
            +---------+---------+-------+---------+---------+-------
        D:1 |      20 |      15 |  42.9 |      13 |       8 |  38.1
        D:2 |      11 |       0 |   0.0 |       7 |       0 |   0.0
            +---------+---------+-------+---------+---------+-------
